 Dungeon Crawl Stone Soup version 0.27-a0-385-g3208abaabc (webtiles) character file.

Game seed: 11459950860658750202

9 Chiseanne the Skirmisher (level 2, 21/24 HPs)
             Began as a Demonspawn Wanderer on Feb 19, 2021.
             Quit the game on level 1 of the Dungeon.
             The game lasted 00:00:19 (20 turns).

Chiseanne the Skirmisher (Demonspawn Wanderer)        Turns: 20, Time: 00:00:20

Health: 21/24      AC:  2    Str: 12    XL:     2   Next: 6%
Magic:  5/5        EV: 11    Int: 13    God:
Gold:   9          SH:  0    Dex: 12    Spells: 5/5 levels left

rFire    . . .     SeeInvis .   a - +0 hand axe
rCold    . . .     Faith    .   (no shield)
rNeg     . . .     Spirit   .   d - +0 robe
rPois    .         Reflect  .   (no helmet)
rElec    .         Harm     .   (no cloak)
rCorr    .         Rampage  .   (no gloves)
Will     .....                  (no boots)
Stlth    ++........             (no amulet)
HPRegen  0.08/turn              (no ring)
MPRegen  0.09/turn              (no ring)

@: no status effects
A: talons 1
a: no special abilities


You were on level 1 of the Dungeon.
You visited 1 branch of the dungeon, and saw 1 of its levels.

You collected 9 gold pieces.

Inventory:

Hand Weapons
 a - a +0 hand axe (weapon)
Armour
 d - a +0 robe (worn)
Potions
 c - a potion of lignification
Miscellaneous
 b - a condenser vane (quivered)


   Skills:
 * Level 3.3 Fighting
 - Level 1.7 Axes
 * Level 1.0 Dodging
 - Level 1.0 Stealth
 - Level 2.0 Spellcasting
 - Level 1.0 Conjurations
 - Level 1.0 Evocations


You had 5 spell levels left.
You didn't know any spells.
Your spell library was empty.

Dungeon Overview and Level Annotations

Branches:
Dungeon (1/15)

Altars:


Innate Abilities, Weirdness & Mutations

You have sharp toenails.


Message History

Options error: Bad object type '%' for autopickup. (~/.crawlrc:79) Options error: Bad travel_delay: "1 (or -1 online)" (~/.crawlrc:138) Options error: Bad rest_delay: "-1 (or -1 online)" (~/.crawlrc:140) Welcome, Chiseanne the Demonspawn Wanderer.
The bosom of this dungeon contains the fabulous artefact, the Orb of Zot.
Press ? for a list of commands and other information.
Found 9 gold pieces.
You begin with the following items: a +0 hand axe, a condenser vane, a potion of lignification, a +0 robe.
There is a fountain of clear blue water here.
You now have 9 gold pieces.
You open the door.
There is a fountain of clear blue water here.
You open the door.
A gnoll comes into view. It is wielding a +0 club.
There is an open door here.
Found 4 gold pieces.
The helpless gnoll fails to defend itself.
You slash the gnoll!
The gnoll is heavily wounded.
The gnoll closely misses you.
You barely miss the gnoll.
The gnoll is heavily wounded.
The gnoll hits you with a +0 club.
You hit the gnoll.
You kill the gnoll!
Your Dodging skill increases to level 1!
You have reached level 2!
Your demonic ancestry asserts itself...
Your toenails lengthen and sharpen.
Are you sure you want to abandon this character and quit the game? (Confirm with "yes".)

#.# ..# #.###
#... #..#
######..#
#$....).####.#
#@.......
#.#####.# #.#
#.#
#####'#####
#.........#
#.........#
#..⌠...⌠..#
##.........#


There were no monsters in sight!

Vanquished Creatures
  A gnoll (D:1)
1 creature vanquished.

Notes
Turn   | Place    | Note
-------+----------+-------------------------------------------
     0 | D:1      | Chiseanne the Demonspawn Wanderer began the quest for the
                  | Orb.
     0 | D:1      | Chiseanne set off with the following items: a +0 hand axe,
                  | a condenser vane, a potion of lignification, a +0 robe
     0 | D:1      | Reached XP level 1. HP: 18/18 MP: 3/3
    20 | D:1      | Reached skill level 1 in Dodging
    20 | D:1      | Gained mutation: You have sharp toenails. [demonic
                  | ancestry]
    20 | D:1      | Reached XP level 2. HP: 21/24 MP: 5/5
    20 | D:1      | Quit the game

Illustrated notes

Levels and vault maps discovered:
D:1:      mushboom_english_gardens, layout_loops_ring,
          chequers_serial_rivers_micro_a, minivault_24, minmay_tromino_v7

Skill      XL: |  1 |
---------------+----+-----
Dodging        | 1 |  1.0
Fighting       | |  3.3
Axes           | |  1.7
Stealth        | |  1.0
Spellcasting   | |  2.0
Conjurations   | |  1.0
Evocations     | |  1.0

Action                   || total
-------------------------++-------
Melee: Hand axe          ||     3
 Stab: Sleeping          ||     1
Dodge: Dodged            ||     1

Table legend: (Time is in decaauts)
 A = Elapsed time spent in this place.
 B = Non-inter-level travel time spent in this place.
 C = Inter-level travel time spent in this place.
 D = Time resting spent in this place.
 E = Time spent auto-exploring this place.
 F = Levels seen in this place.
 G = Mean time per level.
                   A        B        C        D        E       F      G
               +--------+--------+--------+--------+--------+-----+--------+
         Total |     20 |     20 |      0 |      0 |     11 |   1 |   20.0 |
       Dungeon |     20 |     20 |      0 |      0 |     11 |   1 |   20.0 |
               +--------+--------+--------+--------+--------+-----+--------+

Top non-repeatable levels by time:
     D:1: 20 daAuts
